 Dungeon Crawl Stone Soup version 0.30-a0-219-gf2db51d15e (webtiles) character file.

Game seed: 8948557446860634620

30909 Angani the Martial Artist (level 13, -9/98 HPs)
             Began as a Vampire Necromancer on Oct 7, 2022.
             Was a Priest of Lugonu.
             Mangled by Rupert
             ... wielding a +2 great sword of venom
              (37 damage)
             ... on level 2 of the Orcish Mines on Oct 8, 2022.
             The game lasted 01:34:38 (23710 turns).

Angani the Martial Artist (Vampire Necromancer)    Turns: 23710, Time: 01:34:38

Health: -9/98      AC:  9    Str:  9    XL:     13   Next: 23%
Magic:  7/23       EV: 14    Int: 22    God:    Lugonu [***...]
Gold:   2344       SH:  0    Dex: 16    Spells: 14/26 levels left

rFire   . . .      SeeInvis +      - Unarmed
rCold   . . .      Faith    .    (no shield)
rNeg    . . .      Spirit   .    h - +0 troll leather armour
rPois   +          Reflect  .    O - +0 helmet
rElec   +          Harm     .    J - +0 cloak
rCorr   .          Rampage  .    a - +0 pair of gloves
Will    +....                    s - +1 pair of boots
Stlth   ++++......               (no amulet)
HPRegen 1.36/turn                m - ring of Samp {Fly rElec Int+3 Stlth+}
MPRegen 0.18/turn                C - ring of poison resistance

@: lethally poisoned (-9 -> -11), flying, healing quickly
A: alive, fangs 3, see invisible, vampiric 2
a: Exsanguinate, Renounce Religion, Depart the Abyss, Bend Space, Banish


You were on level 2 of the Orcish Mines.
You worshipped Lugonu.
Lugonu was most pleased with you.
You visited 3 branches of the dungeon, and saw 19 of its levels.
You visited the Abyss 1 time.
You also visited: Sewer.

You collected 2370 gold pieces.
You spent 26 gold pieces at shops.

Inventory:

Hand Weapons
 k - a +8 trident of distortion
 r - the +9 shortbow of Toothy Punishment {freeze, Contam rCorr Str+3 Stlth+}
   (You found it on level 2 of the Lair of Beasts)

   Any ammunition fired from it freezes those it strikes, dealing additional
   cold damage.
   It can also slow down cold-blooded creatures.
   Str:       It affects your strength (+3).
   Contam:    It causes magical contamination when unequipped.
   rCorr:     It protects you from acid and corrosion.
   Stlth:     It makes you more stealthy.
 E - a +0 longbow
Armour
 a - a +0 pair of gloves (worn)
 f - a +0 kite shield
 h - a +0 troll leather armour (worn)
 s - a +1 pair of boots (worn)
 u - the +1 chain mail "Goqiyj" {rPois Will++ Dex+4}
   (You found it on level 3 of the Dungeon)

   Dex:       It affects your dexterity (+4).
   rPois:     It protects you from poison.
   Will:      It greatly increases your willpower.
 y - +0 steam dragon scales
 A - a +2 robe of willpower
 J - a +0 cloak (worn)
 O - a +0 helmet (worn)
Magical Staves
 v - a staff of air
 G - a staff of fire
Jewellery
 m - the ring of Samp (left hand) {Fly rElec Int+3 Stlth+}
   (You found it on level 2 of the Dungeon)

   [ring of flight]

   Int:       It affects your intelligence (+3).
   rElec:     It insulates you from electricity.
   Fly:       It grants you flight.
   Stlth:     It makes you more stealthy.
 p - a ring of positive energy
 q - a +4 ring of evasion
 t - a ring of magical power
 C - a ring of poison resistance (right hand)
 N - a ring of ice
Wands
 c - a wand of flame (12)
 B - a wand of charming (2)
 L - a wand of quicksilver (2)
Scrolls
 j - a scroll of teleportation
 l - 2 scrolls of vulnerability
 D - a scroll of silence
 F - a scroll of amnesia
 H - 2 scrolls of brand weapon
 K - 3 scrolls of summoning
Potions
 b - 2 potions of magic
 d - 3 potions of haste
 e - 5 potions of flight {unknown}
 g - 7 potions of curing
 i - 5 potions of might {unknown}
 n - 2 potions of lignification
 o - 2 potions of invisibility
 w - 2 potions of brilliance
 x - 2 potions of resistance
 z - a potion of mutation
 I - 3 potions of attraction {unknown}
 M - a potion of berserk rage


   Skills:
 - Level 8.0 Fighting
 - Level 6.6 Dodging
 - Level 6.0 Stealth
 - Level 14.0 Unarmed Combat
 - Level 7.0 Spellcasting
 - Level 10.0 Necromancy
 + Level 3.8 Transmutations
 - Level 5.0 Ice Magic
 - Level 8.1 Invocations


You had 14 spell levels left.
You knew the following spells:

 Your Spells              Type           Power      Damage    Failure   Level
a - Necrotise             Necr           100%       1d9       1%          1
b - Vampiric Draining     Necr           51%        2d9       1%          3
c - Agony                 Necr           51%        N/A       5%          5
d - Ozocubu's Armour      Ice            29%        N/A       4%          3

Your spell library contained the following spells:

 Spells                   Type           Power      Damage    Failure   Level
 Animate Dead             Necr           51%        N/A       1%          4
 Dazzling Flash           Conj/Hex       14%        N/A       34%         3
 Inner Flame              Hex/Fire       7%         N/A       34%         3
 Simulacrum               Ice/Necr       20%        N/A       63%         6
 Cause Fear               Hex            3%         N/A       75%         4
 Olgreb's Toxic Radiance  Pois           7%         N/A       75%         4
 Metabolic Englaciation   Hex/Ice        9%         N/A       75%         5
 Silence                  Hex/Air        3%         N/A       97%         5
 Dragon Form              Tmut           12%        N/A       100%        7
 Ozocubu's Refrigeration  Ice            14%        4d10      100%        7
 Discord                  Hex            3%         N/A       100%        8
 Ignition                 Fire           3%         3d4       100%        8
 Dragon's Call            Summ           3%         N/A       100%        9


Dungeon Overview and Level Annotations

Branches:
Dungeon (12/15)            Temple (0/1) D:5            Lair (5/5) D:10
 Shoals (0/4) Lair:2       Spider (0/4) Lair:3        Slime (0/5) Lair:4
    Orc (2/2) D:11            Elf (0/3) Orc:2         Sewer (visited)

Altars:
Ashenzari
Dithmenos
Hepliaklqana
Nemelex Xobeh
Ru
Trog
Vehumet
Xom
Jiyva

Shops:
D:5 *   Orc:2 [

Annotations:
D:3 3 runed translucent doors, SorcV's ghost, amateur OgNe
D:4 Eustachio; Ijyb; Sigmund
D:6 Edmund
D:9 2 transporters, exclusions: downstairs, ugly thing and yak, philipeq's ghost, novice DrMo
D:10 3 runed translucent doors, exclusions: 3 doors and gargoyle, BlueGoblin's ghost, journeyman DsBe
D:11 Fannar
D:12 exclusion: two-headed ogre
Lair:5 corrupted
Orc:1 corrupted
Orc:2 Rupert
Abyss:1 Sonja


Innate Abilities, Weirdness & Mutations

Your natural rate of healing is accelerated.
You have razor-sharp teeth.
You have supernaturally acute eyesight. (SInv)
You are afflicted with vampirism and can become a bat while bloodless.


Message History

Aim: Rupert, wielding a +2 great sword of venom and wearing a +0 ring mail (chance to affect: 21%) Rupert resists with almost no effort.
Rupert roars wildly at you. You resist with significant effort.
Unknown command.
Unknown command.
Press: ? - help, Shift-Dir - straight line, f/p - Rupert
Aim: Rupert, wielding a +2 great sword of venom and wearing a +0 ring mail (chance to affect: 21%) Rupert resists with almost no effort.
Unknown command.
Press: ? - help, Shift-Dir - straight line, f/p - Rupert
Aim: Rupert, wielding a +2 great sword of venom and wearing a +0 ring mail (chance to affect: 21%) Rupert resists with almost no effort.
You can no longer corrupt the fabric of space.
Magic courses through your body.
Rupert roars madly and goes into a rage!
Rupert goes berserk!
Press: ? - help, Shift-Dir - straight line, f/p - Rupert
Aim: Rupert, wielding a +2 great sword of venom and wearing a +0 ring mail (berserk, chance to affect: 21%) Rupert resists with almost no effort.
The orc knight shouts!
Press: ? - help, Shift-Dir - straight line, f/p - Rupert
Aim: Rupert, wielding a +2 great sword of venom and wearing a +0 ring mail (berserk, chance to affect: 21%) Rupert resists with almost no effort.
Rupert hits you with a +2 great sword of venom!! x2
You are poisoned.
Press: ? - help, Shift-Dir - straight line, f/p - Rupert
Aim: Rupert, wielding a +2 great sword of venom and wearing a +0 ring mail (berserk, chance to affect: 21%) Rupert resists with almost no effort.
You feel very sick.
Rupert hits you with a +2 great sword of venom!
* * * LOW HITPOINT WARNING * * *
Unknown command.
Okay, then.
Unknown command.
Press: ? - help, Shift-Dir - straight line, f/p - Rupert
Aim: Rupert, wielding a +2 great sword of venom and wearing a +0 ring mail (berserk, chance to affect: 21%) Rupert resists with almost no effort.
You feel sick.
Rupert hits you with a +2 great sword of venom!!!
You die...

#.....#.....)...........#..
..#...............#....##.
#.........##........#......
#.....8..###...#...##....#.
....#.........##........#.
#..............8..8.##...#.
#...#....#........#.......
... #....)#..8......8..##.
..#..#..8@..8.#........#..
......#.@......#.......#..
#......#8...........#....
#....o....∩∩8..∩∩........
........#.#.##.#...##...
...o.............#......
.................#......
..#.........##....#.....
#....#........#...#...


You could see Rupert (berserk) and 2 orc knights.

Vanquished Creatures
  4 two-headed ogres
  2 orc knights (Orc:2)
  2 orc sorcerers
  A cyclops (D:11)
  An elephant (D:10)
  A black mamba (Lair:4)
  7 cane toads
  A torpor snail (Lair:1)
  6 rime drakes
  A kobold demonologist (D:11)
  6 komodo dragons
  An ice devil (D:12)
  5 trolls
  2 hornets
  A dream sheep (Lair:1)
  8 saltlings
  11 blink frogs
  A shadow (D:11)
  A vampire (D:11)
  8 wyverns
  6 yaks (Lair:4)
  A wraith (D:10)
  3 basilisks
  Grum (D:8)
  2 steam dragons
  A warg (Orc:2)
  3 acid dragons
  8 water moccasins
  2 hell hounds (Lair:3)
  18 orc warriors
  An ice beast (D:6)
  2 black bears
  2 wolves (D:8)
  3 ogres
  A centaur (D:9)
  A phantom (D:6)
  8 bullfrogs
  A kobold brigand (D:11)
  2 scorpions
  A gnoll sergeant (D:10)
  3 killer bees (D:9)
  8 howler monkeys
  2 electric eels (D:11)
  A quasit (D:12)
  16 orc priests
  8 jellies
  3 hounds
  2 iguanas
  13 orc wizards
  7 hell rats (Lair:3)
  9 gnolls
  6 adders
  A river rat (D:6)
  2 ufetubi
  7 worms
  3 dart slugs
  62 orcs
  A bat (D:1)
  9 endoplasms
  2 giant cockroaches
  A goblin (D:3)
  3 hobgoblins
  3 quokkas
  8 ball pythons
  16 kobolds
  9 rats
  3 pillars of salt (Orc:2)
345 creatures vanquished.

Vanquished Creatures (collateral kills)
  A dream sheep (Lair:1)
  3 blink frogs (Lair:1)
  A wyvern (D:9)
  A water moccasin (D:9)
  An orc warrior (D:9)
  A wolf (D:8)
  2 bullfrogs
  A howler monkey (D:10)
  An orc priest (Orc:2)
  2 orc wizards
  An orc (D:5)
  A bat (D:1)
16 creatures vanquished.

Vanquished Creatures (others)
  An orc warlord (Orc:1)
  Snorg (Lair:5)
  7 death yaks (Lair:5)
  An orc high priest (Orc:1)
  A deep elf knight (Orc:1)
  A deep elf zephyrmancer (Orc:1)
  2 deep elf pyromancers (Orc:1)
  An orc sorcerer (Orc:1)
  2 black mambas (Lair:5)
  5 elephants (Lair:5)
  A cane toad (Lair:5)
  A rime drake (Lair:5)
  2 komodo dragons (Lair:5)
  A troll (Orc:1)
  A polar bear (Lair:5)
  2 wargs
  A water moccasin (Lair:5)
  A hell hound (Lair:5)
  4 orc warriors (Orc:1)
  A black bear (Lair:5)
  6 wolves (Lair:5)
  An electric eel (Lair:5)
  An orc priest (Orc:1)
  3 orc wizards (Orc:1)
  2 orcs (Orc:1)
  24 fungi
  12 pillars of salt (Orc:2)
  31 plants
  8 starspawn tentacles
125 creatures vanquished.

Grand Total: 486 creatures vanquished

Notes
Turn   | Place    | Note
-------+----------+-------------------------------------------
     0 | D:1      | Angani the Vampire Necromancer began the quest for the Orb.
     0 | D:1      | Reached XP level 1. HP: 13/13 MP: 3/3
   637 | D:1      | Reached XP level 2. HP: 13/13 MP: 1/5
  1214 | D:2      | Gained mutation: You are afflicted with vampirism and can
                  | become a bat while bloodless. [Vampire growth]
  1214 | D:2      | Reached XP level 3. HP: 16/16 MP: 2/6
  1433 | D:2      | Identified the ring of Samp {Fly rElec Int+3 Stlth+}
  1440 | D:2      | Learned a level 3 spell: Vampiric Draining
  2218 | D:3      | Found a runed translucent gate.
  2218 | D:3      | Found a runed translucent gate.
  2220 | D:3      | Found a runed translucent gate.
  2223 | D:3      | Noticed SorcV's ghost (amateur OgNe)
  2243 | D:3      | Reached skill level 5 in Necromancy
  2316 | D:3      | Found a faded altar of an unknown god.
  2674 | D:3      | Identified the +1 chain mail "Goqiyj" {rPois Will++ Dex+4}
  2693 | D:3      | Reached XP level 4. HP: 24/24 MP: 6/8
  3454 | D:4      | Noticed Ijyb
  3454 | D:4      | Noticed Eustachio
  3481 | D:4      | Noticed Sigmund
  3622 | D:4      | Reached skill level 5 in Stealth
  3628 | D:4      | Reached XP level 5. HP: 14/28 MP: 1/9
  3652 | Abyss:1  | Cast into level 1 of the Abyss (orc)
  3664 | Abyss:1  | Found a corrupted altar of Lugonu.
  3672 | Abyss:1  | Became a worshipper of Lugonu the Unformed
  3672 | Abyss:1  | Reached * piety under Lugonu
  3673 | D:4      | Escaped the Abyss
  3754 | D:4      | Learned a level 5 spell: Agony
  3844 | D:5      | Entered Level 5 of the Dungeon
  4043 | D:5      | Reached XP level 6. HP: 33/33 MP: 8/11
  4190 | D:5      | Found a staircase to the Ecumenical Temple.
  4202 | D:5      | Reached skill level 1 in Fighting
  4306 | D:5      | Found Agath's General Store.
  4317 | D:5      | Bought a scroll of identify for 26 gold pieces
  4324 | D:5      | Learned a level 3 spell: Ozocubu's Armour
  4352 | D:5      | Noticed an orc warrior
  4483 | D:5      | Killed an orc warrior
  4484 | D:5      | Reached skill level 1 in Ice Magic
  4581 | D:5      | Found a broken altar of Ashenzari.
  4581 | D:5      | Found a sacrificial altar of Ru.
  4762 | D:6      | Noticed Edmund
  4828 | D:6      | Reached XP level 7. HP: 23/48 MP: 7/13
  4924 | D:6      | Found a glowing drain.
  4933 | Sewer    | Entered a sewer
  5539 | D:6      | Found a radiant altar of Vehumet.
  5649 | D:6      | Reached skill level 5 in Spellcasting
  5785 | D:6      | Reached XP level 8. HP: 44/54 MP: 13/15
  6312 | D:7      | Noticed a hornet
  6323 | D:7      | Killed a hornet
  6465 | D:7      | Found a shimmering altar of Xom.
  6920 | D:7      | Reached ** piety under Lugonu
  7473 | D:8      | Found a viscous altar of Jiyva.
  7478 | D:8      | Reached skill level 5 in Ice Magic
  7849 | D:8      | Noticed Grum
  7861 | D:8      | Reached XP level 9. HP: 29/59 MP: 7/19
  7885 | D:8      | Killed Grum
  8005 | D:8      | Found a sparkling altar of Nemelex Xobeh.
  8740 | D:9      | Noticed a white ugly thing
  8856 | D:9      | Noticed a troll
  9022 | D:9      | Found a transporter.
  9023 | D:9      | Found a transporter.
  9024 | D:9      | Noticed a two-headed ogre
  9026 | D:9      | Noticed a two-headed ogre
  9026 | D:9      | Noticed a moth of wrath
  9027 | D:9      | Found a bloodstained altar of Trog.
  9027 | D:9      | Noticed philipeq's ghost (novice DrMo)
  9038 | D:9      | Noticed a tengu warrior
  9047 | D:9      | Noticed a two-headed ogre
  9479 | D:9      | Reached skill level 10 in Necromancy
  9486 | D:9      | Reached skill level 5 in Dodging
  9490 | D:9      | Reached XP level 10. HP: 47/73 MP: 1/20
  9656 | D:9      | Noticed a centaur warrior
 10010 | D:10     | Entered Level 10 of the Dungeon
 10022 | D:10     | Noticed an elephant
 10208 | D:10     | Found a runed translucent gate.
 10208 | D:10     | Found a runed translucent gate.
 10208 | D:10     | Found a runed translucent gate.
 10209 | D:10     | Noticed a nine-headed hydra
 10210 | D:10     | Noticed BlueGoblin's ghost (journeyman DsBe)
 10211 | D:10     | Noticed a ten-headed hydra
 10319 | D:10     | Identified the +6 sling of Sunlight {freeze, rF+ Dex+3}
 10336 | D:10     | Reached *** piety under Lugonu
 10337 | D:10     | Reached skill level 5 in Fighting
 10473 | D:10     | Noticed a gargoyle
 10606 | D:10     | Reached skill level 1 in Invocations
 10713 | D:10     | Killed an elephant
 10723 | D:10     | Found a staircase to the Lair.
 10930 | D:10     | Found a shadowy altar of Dithmenos.
 11133 | D:10     | Found a hazy altar of Hepliaklqana.
 11251 | Lair:1   | Entered Level 1 of the Lair of Beasts
 11345 | Lair:1   | Noticed a cane toad
 11345 | Lair:1   | Noticed a cane toad
 11365 | Lair:1   | Killed a cane toad
 11498 | Lair:1   | Reached skill level 5 in Invocations
 11970 | Lair:1   | Killed a cane toad
 12012 | Lair:1   | Noticed a torpor snail
 12112 | Lair:1   | Killed a torpor snail
 12233 | Lair:1   | Noticed a cane toad
 12241 | Lair:1   | Killed a cane toad
 12242 | Lair:1   | Reached XP level 11. HP: 80/80 MP: 6/21
 13238 | Lair:1   | Reached skill level 1 in Unarmed Combat
 13238 | Lair:1   | Reached skill level 1 in Transmutations
 13239 | Lair:1   | Reached **** piety under Lugonu
 13502 | Lair:2   | Reached skill level 2 in Unarmed Combat
 13858 | Lair:2   | Noticed an eight-headed hydra
 13861 | Lair:2   | Banished an eight-headed hydra
 13862 | Lair:2   | Reached skill level 3 in Unarmed Combat
 13933 | Lair:2   | Identified the +9 shortbow of Toothy Punishment {freeze,
                  | Contam rCorr Str+3 Stlth+}
 14155 | Lair:2   | Found a staircase to the Shoals.
 14758 | Lair:3   | Found a hole to the Spider Nest.
 14795 | Lair:2   | Reached skill level 4 in Unarmed Combat
 15179 | Lair:3   | Found a dark tunnel.
 15301 | Lair:3   | Reached skill level 5 in Unarmed Combat
 15763 | Lair:3   | Noticed a five-headed hydra
 15768 | Lair:3   | Banished a five-headed hydra
 15896 | Lair:3   | Reached skill level 6 in Unarmed Combat
 16577 | Lair:3   | You are sucked into a shaft and drop 2 floors!
 16577 | Lair:5   | Entered Level 5 of the Lair of Beasts
 16577 | Lair:5   | Noticed a death yak
 16577 | Lair:5   | Noticed a death yak
 16577 | Lair:5   | Noticed a death yak
 16577 | Lair:5   | Noticed a death yak
 16577 | Lair:5   | Noticed a death yak
 16577 | Lair:5   | Noticed a death yak
 16579 | Lair:5   | Corrupted Lair:5
 16579 | Lair:5   | Noticed a starcursed mass
 16579 | Lair:5   | Noticed a thrashing horror
 16581 | Lair:5   | Noticed a bog body
 16581 | Lair:5   | Noticed a sixfirhy
 16582 | Lair:5   | Noticed a starcursed mass
 16582 | Lair:5   | Noticed a bog body
 16584 | Lair:5   | Noticed a goliath frog
 16584 | Lair:5   | Killed a death yak
 16584 | Lair:5   | Killed a death yak
 16585 | Lair:5   | Noticed a hellephant
 16585 | Lair:5   | Killed a death yak
 16586 | Lair:5   | Killed a death yak
 16587 | Lair:5   | Killed a death yak
 16594 | Lair:5   | Noticed a large abomination
 16594 | Lair:5   | Killed a death yak
 16600 | Lair:5   | Noticed a lich
 16603 | Lair:5   | Noticed a tentacled starspawn
 16603 | Lair:5   | Noticed a starcursed mass
 16614 | Lair:5   | Noticed a thrashing horror
 16615 | Lair:5   | Noticed a starcursed mass
 16637 | Lair:5   | Noticed a death yak
 16637 | Lair:5   | Noticed a death yak
 16655 | Lair:5   | Killed Snorg
 16658 | Lair:5   | Noticed a thrashing horror
 16659 | Lair:5   | Noticed a starcursed mass
 16664 | Lair:5   | Killed a death yak
 17063 | Lair:4   | Reached XP level 12. HP: 87/92 MP: 18/22
 17096 | Lair:4   | Reached skill level 7 in Unarmed Combat
 17119 | Lair:4   | Noticed Sonja
 17125 | Lair:4   | Banished Sonja
 17126 | Lair:4   | Reached skill level 8 in Unarmed Combat
 17411 | Lair:4   | Noticed a catoblepas
 17580 | Lair:4   | Reached skill level 9 in Unarmed Combat
 17659 | Lair:4   | Noticed a six-headed hydra
 17665 | Lair:4   | Banished a six-headed hydra
 17680 | Lair:4   | Reached skill level 10 in Unarmed Combat
 18099 | Lair:4   | Found a staircase to the Slime Pits.
 18318 | Lair:4   | Noticed a death yak
 18319 | Lair:4   | Noticed a death yak
 18319 | Lair:4   | Noticed a death yak
 18761 | D:11     | Reached skill level 11 in Unarmed Combat
 18919 | D:11     | Found a staircase to the Orcish Mines.
 19242 | D:11     | Noticed Fannar
 19285 | D:12     | Noticed a two-headed ogre
 19834 | Orc:1    | Entered Level 1 of the Orcish Mines
 19921 | D:11     | Reached skill level 12 in Unarmed Combat
 20672 | Orc:1    | Noticed a two-headed ogre
 20682 | Orc:1    | Killed a two-headed ogre
 20847 | Orc:1    | Noticed an orc warlord
 20847 | Orc:1    | Noticed an orc high priest
 20848 | Orc:1    | Corrupted Orc:1
 20848 | Orc:1    | Noticed a bone dragon
 20848 | Orc:1    | Noticed a tentacled starspawn
 20848 | Orc:1    | Noticed a tentacled starspawn
 20848 | Orc:1    | Noticed a bone dragon
 20848 | Orc:1    | Noticed a lich
 20848 | Orc:1    | Noticed a deep elf elementalist
 20848 | Orc:1    | Noticed a tentacled starspawn
 20850 | Orc:1    | Killed an orc high priest
 20853 | Orc:1    | Noticed a red draconian
 20853 | Orc:1    | Killed an orc warlord
 21120 | Orc:2    | Entered Level 2 of the Orcish Mines
 21546 | Orc:2    | Noticed a two-headed ogre
 21546 | Orc:2    | Found Fuomodu's Armour Emporium.
 21547 | Orc:2    | Noticed a two-headed ogre
 21687 | Orc:2    | Reached skill level 13 in Unarmed Combat
 22245 | Orc:2    | Killed a two-headed ogre
 22245 | Orc:2    | Reached ***** piety under Lugonu
 22246 | Orc:2    | Reached XP level 13. HP: 57/98 MP: 1/23
 22442 | Orc:2    | Found a staircase to the Elven Halls.
 23178 | Orc:2    | Reached skill level 14 in Unarmed Combat
 23699 | Orc:2    | Noticed Rupert
 23710 | Orc:2    | Mangled by Rupert

Illustrated notes

Levels and vault maps discovered:
D:1:      lightli_arrival_chessboard, layout_loops_ring,
          grunt_decor_mini_mirrors
D:2:      layout_basic
D:3:      layout_basic, shapermc_ecumenical_altar_totnotflames,
          gammafunk_ghost_split
D:4:      layout_basic, uniq_ijyb, uniq_sigmund, uniq_eustachio, uniq_robin
D:5:      layout_cave_pools, gammafunk_temple_overflow_wave,
          minmay_temple_entry_mini_moons, serial_shops, nicolae_diamond_shop,
          hangedman_abyss_or_decor_stagger
D:6:      layout_loops_ring, dreamdust_divine_triumvirate, vehumet_crystals,
          cheibrodos_sewer_entry_sluice, uniq_edmund
D:7:      layout_loops_ring, mainiacjoe_overflow_small_starburst
D:8:      layout_loops_cross, general_overflow_altar, jiyva_altar_1, uniq_grum
D:9:      layout_rooms, gammafunk_ghost_wrathful_warriors,
          minmay_mirror_moons_of_madness
D:10:     layout_small_grid, overflow_temple_1_default,
          grunt_dithmenos_smoke_and_mirrors, david_lair_generic,
          gammafunk_ghost_hydra_chop
D:11:     statuecave_lemuel, layout_long_grid, orc_0_dummy, hangedman_fish_farm,
          uniq_psyche, uniq_fannar
D:12:     minmay_the_grid_square_5x5_5x5_mashed
          [minmay_the_grid_square_5x5_sharp_hourglass,
          minmay_the_grid_square_5x5_forky, minmay_the_grid_square_5x5_three,
          minmay_the_grid_square_5x5_shuriken, minmay_the_grid_square_5x5_empty,
          minmay_the_grid_square_5x5_corner,
          minmay_the_grid_square_5x5_prize_gold,
          minmay_the_grid_square_5x5_misaligned,
          minmay_the_grid_square_5x5_prize_itemx,
          minmay_the_grid_square_5x5_inner_v, minmay_the_grid_square_5x5_empty,
          minmay_the_grid_square_5x5_percent,
          minmay_the_grid_square_5x5_prize_open,
          minmay_the_grid_square_5x5_hourglass,
          minmay_the_grid_square_5x5_six_small,
          minmay_the_grid_square_5x5_half_checkered,
          minmay_the_grid_square_5x5_prize_deathbox,
          minmay_the_grid_square_5x5_detours,
          minmay_the_grid_square_5x5_prize_junk,
          minmay_the_grid_square_5x5_bracketed, minmay_the_grid_square_5x5_z,
          minmay_the_grid_square_5x5_two, minmay_the_grid_square_5x5_longway,
          minmay_the_grid_square_5x5_inner_i,
          minmay_the_grid_square_5x5_two_walls_a], layout_loops_corners,
          serial_demonic, serial_demonic_b, serial_demonic_d, serial_demonic_e,
          serial_demonic_c, serial_demonic_f, gammafunk_ghost_stat_death
Lair:1:   layout_hall_layers
Lair:2:   layout_regular_city, shoals_dummy_entry, serial_bayou_crossing
Lair:3:   layout_cave_pods, spider_nest_entry_web_field, special_room
          [special_room_mythical_zoo], nicolae_volcano_entry_lava_flow
Lair:4:   layout_cave_pods, nicolae_slime_entry_slimehenge, grunt_megastairs_4,
          uniq_sonja
Lair:5:   hangedman_lair_caniforms_friends, layout_regular_city,
          gammafunk_lair_bear_cave, uniq_snorg
Orc:1:    layout_caves, elf_legates
Orc:2:    hellmonk_orc_salted, layout_caves, uniq_rupert

Skill      XL: |  1  2  3  4  5  6  7  8  9 10 11 12 13 |
---------------+----------------------------------------+-----
Stealth        | 4 5 6 |  6.0
Necromancy     | 5 6 7 8 10 | 10.0
Spellcasting   | 3 4 5 6 7 |  7.0
Fighting       | 1 4 5 7 8 |  8.0
Ice Magic      | 1 3 5 |  5.0
Dodging        | 5 6 |  6.6
Invocations    | 7 8 |  8.1
Unarmed Combat | 6 13 14 | 14.0
Transmutations | 2 3 |  3.8

Action                   |  1- 3 |  4- 6 |  7- 9 | 10-12 | 13-15 || total
-------------------------+-------+-------+-------+-------+-------++-------
Melee: Trident           |       |    25 |    81 |   200 |       ||   306
       Bite              |       |     2 |     3 |    36 |    17 ||    58
       Unarmed           |       |     1 |       |   208 |    79 ||   288
       Punch             |       |       |       |    25 |    10 ||    35
 Cast: Necrotise         |    75 |    75 |   179 |   238 |     7 ||   574
       Ozocubu's Armour  |       |       |    17 |    82 |    12 ||   111
       Vampiric Draining |       |       |    16 |   157 |    17 ||   190
       Agony             |       |       |     8 |    33 |     7 ||    48
Invok: Depart the Abyss  |       |     1 |       |       |       ||     1
       Banish            |       |       |       |     7 |    10 ||    17
       Corrupt           |       |       |       |     2 |       ||     2
 Abil: Exsanguinate      |     2 |       |       |     1 |       ||     3
       Revivify          |     2 |       |       |       |       ||     2
Evoke: Wand              |       |     4 |     1 |    12 |     1 ||    18
  Use: Scroll            |     5 |     7 |     5 |    26 |       ||    43
       Potion            |       |     2 |     1 |     8 |     1 ||    12
 Stab: Sleeping          |       |     2 |     8 |     8 |       ||    18
       Invisible         |       |       |       |     3 |       ||     3
Armor: Robe              |     2 |     5 |    50 |    65 |       ||   122
       Troll leather arm |       |       |       |   160 |    31 ||   191
Dodge: Dodged            |     4 |    31 |   114 |   491 |    86 ||   726

Table legend: (Time is in decaauts)
 A = Elapsed time spent in this place.
 B = Non-inter-level travel time spent in this place.
 C = Inter-level travel time spent in this place.
 D = Time resting spent in this place.
 E = Time spent auto-exploring this place.
 F = Levels seen in this place.
 G = Mean time per level.
                   A        B        C        D        E       F      G
               +--------+--------+--------+--------+--------+-----+--------+
         Total |  23766 |  22870 |    896 |   7620 |   9434 |  21 | 1131.7 |
       Dungeon |  12458 |  11878 |    580 |   2808 |   6602 |  12 | 1038.2 |
          Lair |   7211 |   6994 |    217 |   2947 |   2273 |   5 | 1442.2 |
  Orcish Mines |   3705 |   3607 |     98 |   1725 |    559 |   2 | 1852.5 |
         Abyss |     20 |     20 |      0 |      0 |      0 |   1 |   20.0 |
         Sewer |    370 |    370 |      0 |    140 |      0 |   1 |  370.0 |
               +--------+--------+--------+--------+--------+-----+--------+

Top non-repeatable levels by time:
  Lair:1: 2260 daAuts
   Orc:1: 1920 daAuts
  Lair:2: 1846 daAuts
   Orc:2: 1785 daAuts
  Lair:3: 1581 daAuts
     D:9: 1504 daAuts
  Lair:4: 1373 daAuts
     D:8: 1214 daAuts
     D:3: 1201 daAuts
     D:7: 1179 daAuts
     D:6: 1172 daAuts
     D:1: 1170 daAuts
    D:11: 1155 daAuts
    D:10: 1076 daAuts
     D:5: 959 daAuts
